 Dungeon Crawl Stone Soup version 0.30-a0-883-g5ad918d77d (webtiles) character file.

Game seed: 179948118537224526

185 cforsyth the Ogre Mage (level 5, -11/45 HPs)
             Began as an Ogre Fire Elementalist on Mar 18, 2023.
             Killed from afar by Ijyb (14 damage)
             ... with an iceblast
             ... on level 4 of the Dungeon.
             The game lasted 00:05:27 (3376 turns).

cforsyth the Ogre Mage (Ogre Fire Elementalist)     Turns: 3376, Time: 00:05:27

Health: -11/45     AC:  3    Str: 12    XL:     5   Next: 64%
Magic:  2/10       EV: 10    Int: 30    God:
Gold:   136        SH:  0    Dex:  9    Spells: 4/11 levels left

rFire   . . .      SeeInvis .    (no weapon)
rCold   . . .      Faith    .    (no shield)
rNeg    . . .      Spirit   .    a - +0 robe
rPois   .          Reflect  .    (helmet restricted)
rElec   .          Rampage  .    (no cloak)
rCorr   .                        (gloves unavailable)
Will    .....                    (boots unavailable)
Stlth   ++                       (no amulet)
HPRegen 0.27/turn                l - +6 ring of intelligence
MPRegen 0.12/turn                f - +6 ring of intelligence

@: no status effects
A: large, unfitting armour, tough skin 1
a: no special abilities


You were on level 4 of the Dungeon.
You visited 1 branch of the dungeon, and saw 4 of its levels.

You collected 136 gold pieces.

Inventory:

Armour
 a - a +0 robe (worn)
Jewellery
 d - a ring of positive energy
 f - a +6 ring of intelligence (right hand)
 l - a +6 ring of intelligence (left hand)
Wands
 x - a wand of polymorph (9)
Scrolls
 h - a scroll of amnesia {unknown}
 k - a scroll of blinking {unknown}
 m - a scroll of magic mapping {unknown}
 n - 2 scrolls of vulnerability {unknown}
 o - a scroll of poison {unknown}
 p - 5 scrolls of identify {unknown}
 q - 2 scrolls of enchant armour {unknown}
 r - 3 scrolls of brand weapon {unknown}
 s - a scroll of enchant weapon {unknown}
 t - a scroll of noise {unknown}
 u - a scroll of fog {unknown}
 w - 3 scrolls of summoning {unknown}
Potions
 b - a potion of magic
 c - a potion of flight {unknown}
 e - a potion of attraction {unknown}
 g - 2 potions of curing {unknown}
 i - 2 potions of might {unknown}
 j - 2 potions of berserk rage {unknown}
 v - a potion of invisibility {unknown}


   Skills:
 + Level 2.7 Dodging
 + Level 2.3 Stealth
 + Level 3.5 Spellcasting
 + Level 2.2 Conjurations
 + Level 3.4 Fire Magic


You had 4 spell levels left.
You knew the following spells:

 Your Spells              Type           Power      Damage    Failure   Level
a - Foxfire               Conj/Fire      88%        2x1d8     2%          1
b - Scorch                Fire           50%        2d7       2%          2
c - Flame Wave            Conj/Fire      22%        2d8       22%         4

Your spell library contained the following spells:

 Spells                   Type           Power      Damage    Failure   Level
 Inner Flame              Hex/Fire       15%        N/A       10%         3
 Hailstorm                Conj/Ice       11%        3d5       13%         3
 Kindle Blastsparks       Fire/Tloc/Air  24%        2d12      13%         3
 Ice Form                 Ice/Tmut       5%         N/A       56%         4
 Simulacrum               Ice/Necr       2%         N/A       100%        6


Dungeon Overview and Level Annotations

Branches:
Dungeon (4/15)
 Temple: D:4-7

Altars:
Sif Muna

Shops:
D:3 =

Annotations:
D:3 1 runed translucent door, Crazy Yiuf
D:4 Ijyb, Sigmund


Innate Abilities, Weirdness & Mutations

You are too large for most types of armour.
You have tough skin. (AC +1)


Message History

Ijyb barely misses you.
Unknown command.
You miscast Foxfire.
You are very lightly contaminated with residual magic.
Nothing appears to happen.
The foxfire hits Ijyb but does no damage.
Ijyb is almost dead.
The foxfire hits Ijyb but does no damage.
Ijyb is almost dead.
The orc closely misses you. Ijyb barely misses you.
Unknown command.
You conjure some foxfire!
Ijyb hits you with a +0 dagger.
Sigmund the Dreaded comes into view.
He is wielding a +2 scythe of protection.
The orc hits you from afar with a +0 trident.
You conjure some foxfire!
Sigmund hits you from afar with a +2 scythe of protection!
The orc hits you from afar with a +0 trident!
Ijyb barely misses you.
Unknown command.
Your foxfire dissipates!
The foxfire hits Ijyb but does no damage.
Ijyb is almost dead.
The foxfire hits Ijyb but does no damage.
Ijyb is almost dead.
The foxfire hits Ijyb but does no damage.
Ijyb is almost dead.
The orc hits you but does no damage.
You see here a +0 morningstar.
Sigmund casts a spell.
Sigmund flickers and vanishes!
Deactivating autopickup; reactivate with Ctrl-A.
Your magical contamination has completely faded away.
Ijyb attacks as you move away! Ijyb hits you with a +0 dagger.
Ijyb zaps a wand.
The mass of ice explodes!
The iceblast engulfs you!
Ijyb zaps a wand.
The mass of ice explodes!
The iceblast engulfs you!
* * * LOW HITPOINT WARNING * * *
You hear a bark!
There is a stone staircase leading up here.
Ijyb zaps a wand.
The mass of ice explodes!
The iceblast engulfs you!
You die...

..... #.# ...... #.# ......
#.########### ......#####
###†..........# ...>.o....#
#....<.....)..# #....)o.#.#
#.#########...####
......#{#.###.### #.......
..... #.#.##....#######.......
#.#####)#.##.@..'.............
#.#.....#.##....#########.....
#.(....)g.##....# #.....
#...##....##g...### #.....
#.................# #.....
#...##............# ###### #..
#............# #.
#......####### # #......#


You could see Ijyb.

Vanquished Creatures
  A hound (D:4)
  3 orc wizards
  3 dart slugs
  5 orcs
  6 bats
  8 endoplasms
  2 giant cockroaches
  2 goblins
  8 hobgoblins
  3 jackals (D:4)
  4 quokkas
  5 ball pythons
  3 frilled lizards (D:1)
  5 kobolds
  7 rats
65 creatures vanquished.

Vanquished Creatures (others)
  242 foxfires
242 creatures vanquished.

Grand Total: 307 creatures vanquished

Notes
Turn   | Place    | Note
-------+----------+-------------------------------------------
     0 | D:1      | cforsyth the Ogre Fire Elementalist began the quest for the
                  | Orb.
     0 | D:1      | Reached XP level 1. HP: 16/16 MP: 3/3
    94 | D:1      | Reached skill level 1 in Conjurations
   157 | D:1      | Reached XP level 2. HP: 24/24 MP: 1/5
   540 | D:1      | Noticed a shining eye
   542 | D:1      | Noticed a golden eye
   544 | D:1      | Found a faded altar of an unknown god.
   547 | D:1      | Noticed a floating eye
   547 | D:1      | Noticed a golden eye
   750 | D:1      | Reached XP level 3. HP: 31/31 MP: 2/7
  1153 | D:1      | Learned a level 2 spell: Scorch
  2048 | D:3      | Reached XP level 4. HP: 39/39 MP: 4/8
  2201 | D:3      | Found a runed translucent door.
  2202 | D:3      | Noticed Crazy Yiuf
  2576 | D:3      | Found a shimmering blue altar of Sif Muna.
  2585 | D:3      | Reached XP level 5. HP: 36/45 MP: 3/9
  2648 | D:3      | Found Ivvoyzipsu's One-of-a-Kind Rings.
  2990 | D:3      | Learned a level 4 spell: Flame Wave
  3353 | D:4      | Noticed Ijyb
  3362 | D:4      | Noticed Sigmund
  3370 | D:4      | HP: 2/45 [Ijyb/iceblast (14)]
  3376 | D:4      | Killed from afar by Ijyb

Illustrated notes

Levels and vault maps discovered:
D:1:      mrwooster_arrival_statue_2, layout_loops_ring,
          hellmonk_ecumenical_altar_watching_god, nicolae_figureground_pulse
D:2:      layout_rooms
D:3:      layout_loops_cross, mainiacjoe_overflow_small_starburst,
          nicolae_shop_unique_rings, roderic_lattice_a, chequers_mini_garden,
          uniq_crazy_yiuf_cottage
D:4:      layout_basic, uniq_robin, uniq_sigmund, uniq_ijyb, uniq_duvessa

Skill      XL: |  1  2  3  4  5 |
---------------+----------------+-----
Conjurations   | 1 2 |  2.2
Dodging        | 2 |  2.7
Fire Magic     | 3 |  3.4
Spellcasting   | 3 |  3.5
Stealth        | 2 |  2.3

Action                     |  1- 3 |  4- 6 || total
---------------------------+-------+-------++-------
  Melee: Unarmed           |     6 |     1 ||     7
         Punch             |     1 |       ||     1
   Cast: Foxfire           |    87 |    58 ||   145
         Scorch            |       |     1 ||     1
 Armour: Robe              |    11 |     6 ||    17
  Dodge: Dodged            |    22 |    10 ||    32

Table legend: (Time is in decaauts)
 A = Elapsed time spent in this place.
 B = Non-inter-level travel time spent in this place.
 C = Inter-level travel time spent in this place.
 D = Time resting spent in this place.
 E = Time spent auto-exploring this place.
 F = Levels seen in this place.
 G = Mean time per level.
                   A        B        C        D        E       F      G
               +--------+--------+--------+--------+--------+-----+--------+
         Total |   3374 |   3263 |    111 |     51 |   2759 |   4 |  843.5 |
       Dungeon |   3374 |   3263 |    111 |     51 |   2759 |   4 |  843.5 |
               +--------+--------+--------+--------+--------+-----+--------+

Top non-repeatable levels by time:
     D:1: 1578 daAuts
     D:3: 911 daAuts
     D:2: 549 daAuts
     D:4: 335 daAuts
